 Dungeon Sprint DCSS version 0.20.1-1-g8b1a95d (webtiles) character file.

1080 suicidejoker the Unseen (level 8, 0/90 HPs)
             Began as an Octopode Assassin on Aug 24, 2017.
             Slain by a demonic crawler (10 damage)
             ... in the Dungeon (Sprint I: "Red Sonja").
             The game lasted 00:00:56 (79 turns).

suicidejoker the Unseen (Octopode Assassin)           Turns: 79, Time: 00:00:57

Health: 0/90       AC:  1    Str: 17    XL:     8   Next: 29%
Magic:  8/8        EV: 17    Int: 14    God:
Gold:   270        SH:  0    Dex: 13    Spells: 7/7 levels left

rFire    . . .     SeeInvis .   a - +2 dagger
rCold    . . .     Gourm    .   (no shield)
rNeg     . . .     Faith    .   (helmet restricted)
rPois    .         Spirit   .   (no amulet)
rElec    .         Reflect  .   (no ring)
rCorr    .         Harm     .   (no ring)
MR       .....     NoTele   +   (no ring)
Stlth    ..........             (no ring)
Regen    0.3/turn               (no ring)
MPRegen  0.2/turn               (no ring)
                                (no ring)
                                (no ring)

@: berserking, hasted, very quick
A: almost no armour, stealthy swim, amphibious, 8 rings, constrict 8, camouflage
1, gelatinous body 1
a: no special abilities


You were in the Dungeon.
You were not hungry.

You visited 1 branch You collected 270 gold pieces.

Inventory:

Hand Weapons
 a - a +2 dagger (weapon)
 b - a +0 blowgun
Missiles
 c - 8 poisoned needles
 d - 2 curare-tipped needles
Scrolls
 k - a scroll of blinking
Potions
 e - a potion of curing
 g - a potion of heal wounds
 i - 2 potions of magic
Comestibles
 f - a bread ration


   Skills:
 + Level 7.4 Fighting
 * Level 10.1 Short Blades
 - Level 2.6 Throwing
 + Level 6.8 Dodging
 * Level 15.3 Stealth


You had 7 spell levels left.
You didn't know any spells.

Dungeon Overview and Level Annotations

Branches:
Dungeon (1/1)

Altars:
Makhleb
Xom
Jiyva
Lugonu


Innate Abilities, Weirdness & Mutations

You cannot wear most types of armour.
You are very stealthy in the water. (Stealth+)
You are amphibious.
You can wear up to eight rings at the same time.
You can use your tentacles to constrict eight enemies at once.
Your skin changes colour to match your surroundings (Stealth+).
Your rubbery body absorbs attacks. (AC +1, EV +1)


Message History

You hit the demonic crawler but do no damage.
The demonic crawler is moderately wounded.
You hit the demonic crawler but do no damage.
You hit the demonic crawler.
The demonic crawler is lightly wounded.
You hit the demonic crawler but do no damage.
The demonic crawler is lightly wounded.
The demonic crawler hits you but does no damage.
The demonic crawler hits you. The demonic crawler closely misses you.
The demonic crawler barely misses you. x2; The demonic crawler hits you!
* * * LOW HITPOINT WARNING * * *
You hit the demonic crawler.
The demonic crawler is moderately wounded.
You puncture the demonic crawler!
The demonic crawler is lightly wounded.
The demonic crawler completely misses you.
The demonic crawler hits you!
* * * LOW HITPOINT WARNING * * *
The demonic crawler hits you!
You die...

##################
.#.)'..#__#..'..)#
)'..#..'..'..#..s##+#
'#####+#__####).@ss.#
.# #### #####s.+ ##
+##


You could see 4 demonic crawlers.

Vanquished Creatures
  2 kobold demonologists (D)
  A slime creature (D)
  Sigmund (D)
  A floating eye (D)
  An ogre (D)
  Ijyb (D)
7 creatures vanquished.

Notes
Turn   | Place    | Note
-------+----------+-------------------------------------------
     0 | D        | suicidejoker the Octopode Assassin began the quest for the Orb.
     0 | D        | Reached XP level 1. HP: 14/14 MP: 1/1
     1 | D        | Noticed Ijyb
    10 | D        | Killed Ijyb
    10 | D        | Reached skill level 8 in Stealth
    10 | D        | Reached XP level 2. HP: 17/20 MP: 2/2
    12 | D        | Noticed an ogre
    15 | D        | Killed an ogre
    15 | D        | Reached skill level 10 in Stealth
    15 | D        | Reached XP level 3. HP: 24/27 MP: 3/3
    15 | D        | Reached XP level 4. HP: 29/33 MP: 4/4
    24 | D        | Noticed Sigmund
    27 | D        | Killed Sigmund
    27 | D        | Reached skill level 5 in Fighting
    27 | D        | Reached skill level 12 in Stealth
    27 | D        | Reached XP level 5. HP: 36/39 MP: 5/5
    27 | D        | Reached XP level 6. HP: 42/45 MP: 6/6
    39 | D        | Found a burning altar of Makhleb.
    39 | D        | Found a viscous altar of Jiyva.
    39 | D        | Found a shimmering altar of Xom.
    39 | D        | Found a corrupted altar of Lugonu.
    39 | D        | Noticed a slime creature
    42 | D        | Killed a slime creature
    42 | D        | Reached skill level 5 in Dodging
    42 | D        | Reached skill level 13 in Stealth
    42 | D        | Reached XP level 7. HP: 51/52 MP: 7/7
    54 | D        | Noticed a kobold demonologist
    55 | D        | Noticed a kobold demonologist
    59 | D        | Killed a kobold demonologist
    59 | D        | Reached skill level 14 in Stealth
    60 | D        | Killed a kobold demonologist
    60 | D        | Reached skill level 10 in Short Blades
    60 | D        | Reached skill level 15 in Stealth
    60 | D        | Reached XP level 8. HP: 60/60 MP: 8/8
    66 | D        | Noticed a demonic crawler
    66 | D        | Noticed a demonic crawler
    66 | D        | Noticed a demonic crawler
    66 | D        | Noticed a demonic crawler
    79 | D        | Slain by a demonic crawler

Skill      XL: |  1  2  3  4  5  6  7 |
---------------+----------------------+-----
Stealth        | 8 10 12 13 15 | 15.3
Fighting       | 3 5 6 7 |  7.4
Short Blades   | 4 6 8 10 | 10.1
Dodging        | 3 4 5 6 |  6.8
Throwing       | |  2.6

Action                   |  1- 3 |  4- 6 |  7- 9 || total
-------------------------+-------+-------+-------++-------
Melee: Dagger            |     8 |     2 |    12 ||    22
       Tentacles         |     1 |       |     1 ||     2
       Constrict         |     1 |       |       ||     1
  Use: Potion            |       |       |     2 ||     2
 Stab: Sleeping          |     2 |     2 |     3 ||     7
Armor: Skin              |       |       |     1 ||     1
Dodge: Dodged            |     4 |       |    17 ||    21
